 Dungeon Crawl Stone Soup version 0.25-a0-890-g62861fb195 (webtiles) character file.

Game seed: 14520406934528572556, levelgen mode: classic

92 EnegeticOcto the Shield-Bearer (level 4, -1/32 HPs)
             Began as an Octopode Fighter on May 2, 2020.
             Slain by a gnoll
             ... wielding a cursed -2 club
              (6 damage)
             ... on level 3 of the Dungeon.
             The game lasted 00:00:37 (1994 turns).

EnegeticOcto the Shield-Bearer (Octopode Fighter)   Turns: 1994, Time: 00:00:38

Health: -1/32      AC:  1    Str: 15    XL:     4   Next: 60%
Magic:  4/4        EV: 12    Int: 10    God:
Gold:   74         SH:  9    Dex: 17    Spells: 3/3 levels left

rFire    . . .     SeeInvis .   a - +0 long sword
rCold    . . .     Gourm    .   b - +0 kite shield
rNeg     . . .     Faith    .   (helmet restricted)
rPois    .         Spirit   .   (no amulet)
rElec    .         Reflect  .   g - +5 ring of dexterity
rCorr    .         Harm     .   (no ring)
MR       .....                  (no ring)
Stlth    +++.......             (no ring)
HPRegen  0.10/turn              (no ring)
MPRegen  0.09/turn              (no ring)
                                (no ring)
                                (no ring)

@: no status effects
A: almost no armour, stealthy swim, amphibious, 8 rings, constrict 8, camouflage
1, gelatinous body 1
a: no special abilities


You were on level 3 of the Dungeon.
You were not hungry.

You visited 1 branch of the dungeon, and saw 3 of its levels.

You collected 74 gold pieces.

Inventory:

Hand Weapons
 a - a +0 long sword (weapon)
Armour
 b - a +0 kite shield (worn)
Jewellery
 g - a +5 ring of dexterity (left tentacle)
Scrolls
 h - 3 scrolls of teleportation {unknown}
 j - a scroll of enchant weapon {unknown}
 m - a scroll of remove curse {unknown}
Potions
 c - a potion of berserk rage {unknown}
 d - a potion of degeneration {unknown}
 f - a potion of curing {unknown}
 i - a potion of brilliance {unknown}
 k - a potion of might {@q3}
 n - a potion of ambrosia {unknown}
 o - a potion of magic {unknown}
Comestibles
 e - 4 rations


   Skills:
 + Level 3.6 Fighting
 * Level 3.6 Long Blades
 - Level 3.0 Dodging
 + Level 3.6 Shields


You had 3 spell levels left.
You didn't know any spells.
Your spell library was empty.

Dungeon Overview and Level Annotations

Branches:
Dungeon (3/15)

Altars:
Nemelex Xobeh
Xom


Innate Abilities, Weirdness & Mutations

You cannot wear most types of armour.
You are very stealthy in the water. (Stealth+)
You are amphibious.
You can wear up to eight rings at the same time.
You can use your tentacles to constrict eight enemies at once.
Your skin changes colour to match your surroundings (Stealth+).
Your rubbery body absorbs attacks. (AC +1, EV +1)


Message History

The adder moves out of view.
There are monsters nearby!
You barely miss the bat. You grab the bat. You constrict the bat.
You block the bat's attack.
The bat struggles to escape constriction.
The bat escapes!
The bat completely misses you.
You riposte.
You slash the bat!
You kill the bat!
You see here a bat corpse.
The kobold closely misses you.
You riposte.
You slash the kobold!
You kill the kobold!
No target in view!
No target in view!
No target in view!
No target in view!
No target in view!
You butcher the bat corpse.
l - 4 chunks of flesh (gained 1)
You see here a bat skeleton. x2
You open the door.
Found a stone staircase leading down.
There is an open door here.
The adder is too close now for your liking.
There is a stone staircase leading down here.
An adder is nearby!
An adder is nearby!
An adder is nearby!
The helpless adder fails to defend itself.
You hit the adder. Your grab misses the adder. Your squeeze misses the adder.
The adder is moderately wounded.
The adder bites you.
You are poisoned.
The adder poisons you! The adder closely misses you.
You slash the adder!
You kill the adder!
You feel sick.
You feel sick.
You feel sick.
You feel sick.
You feel sick.
You feel sick.
You feel sick.
You feel sick.
You are no longer poisoned.
You butcher the adder corpse.
l - 5 chunks of flesh (gained 1)
You see here an adder skeleton. x2
Some of the chunks of flesh in your inventory have rotted away.
You now have 61 gold pieces (gained 12).
You open the door.
There is an open door here.
There is an open door here.
Some of the chunks of flesh in your inventory have rotted away.
You open the door.
There is an open door here.
Some of the chunks of flesh in your inventory have rotted away.
o - a silvery potion You now have 74 gold pieces (gained 13).
Done exploring.
Done exploring.
Done exploring.
No target in view!
No target in view!
No target in view!
No target in view!
No target in view!
Done exploring.
Done exploring.
Done exploring.
Done exploring.
(D) Dungeon
Where to? (Enter - D:2, ? - help) All of the chunks of flesh in your inventory have rotted away.
There is a stone staircase leading down here.
You climb downwards. 4 gnolls come into view.
There is a stone staircase leading up here.
There are monsters nearby!
There are monsters nearby!
The gnoll shouts! x4
You block the gnoll's attack.
The gnoll hits you from afar with a +0 spear!
You hit the gnoll. You grab the gnoll. You squeeze the gnoll.
The gnoll is heavily wounded.
You constrict the gnoll. The gnoll misses you.
The gnoll hits you with a cursed -2 club.
The gnoll hits you from afar with a +0 halberd!
* * * LOW HITPOINT WARNING * * *
You are too injured to fight recklessly!
You are too injured to fight recklessly!
You are too injured to fight recklessly!
You are too injured to fight recklessly!
You are too injured to fight recklessly!
You are too injured to fight recklessly!
You are too injured to fight recklessly!
You are too injured to fight recklessly!
You release your grip on the gnoll.
There is a stone staircase leading up here.
The gnoll misses you.
The gnoll hits you with a cursed -2 club.
You die...

# #.##### ######
.......##.....##
...............#
........g.......
.......gg.......
......g.@.......
................
................
................
...............#
.......##.....##
.####.# ######
..


You could see 4 gnolls.

Vanquished Creatures
  4 adders (D:2)
  A worm (D:2)
  4 dart slugs
  2 leopard geckos (D:2)
  4 bats
  5 goblins
  4 hobgoblins
  6 jackals
  6 kobolds
  A quokka (D:2)
  2 ball pythons
  2 frilled lizards
  3 rats
44 creatures vanquished.

Notes
Turn   | Place    | Note
-------+----------+-------------------------------------------
     0 | D:1      | EnegeticOcto the Octopode Fighter began the quest for the
                  | Orb.
     0 | D:1      | Reached XP level 1. HP: 16/16 MP: 1/1
   222 | D:1      | Reached XP level 2. HP: 18/21 MP: 2/2
   889 | D:2      | Found a shimmering altar of Xom.
   966 | D:2      | Reached XP level 3. HP: 26/26 MP: 3/3
   987 | D:2      | Found a sparkling altar of Nemelex Xobeh.
  1263 | D:2      | Reached XP level 4. HP: 25/31 MP: 4/4
  1994 | D:3      | Slain by a gnoll

Levels and vault maps discovered:
D:1:      dpeg_arrival_round_a, layout_loops_ring
D:2:      layout_basic, lemuel_doored_altar, nemelex_xobeh_ov_fountains_minmay
D:3:      layout_rooms, roderic_lattice_a

Skill      XL: |  1  2  3 |
---------------+----------+-----
Long Blades    | 3 |  3.6
Fighting       | |  3.6
Dodging        | |  3.0
Shields        | |  3.6

Action                   |  1- 3 |  4- 6 || total
-------------------------+-------+-------++-------
Melee: Long sword        |    53 |    23 ||    76
       Constrict         |    17 |    10 ||    27
       Tentacles         |    11 |     7 ||    18
 Stab: Sleeping          |     7 |     1 ||     8
  Eat: Chunk             |     1 |     2 ||     3
Armor: Skin              |     4 |     2 ||     6
Dodge: Dodged            |    27 |    16 ||    43
Block: Kite shield       |    34 |    16 ||    50
       Rpst.: Long sword |     8 |     2 ||    10

Table legend:
 A = Non-vault XP
 B = Vault XP
 C = Vault XP percentage of total XP
 D = Non-vault monster count
 E = Vault monster count
 F = Vault count percentage of total count
                 A         B        C        D         E       F
            +---------+---------+-------+---------+---------+-------
      Total |     132 |       0 |   0.0 |      44 |       0 |   0.0
            +---------+---------+-------+---------+---------+-------
        D:1 |      30 |       0 |   0.0 |      16 |       0 |   0.0
        D:2 |     102 |       0 |   0.0 |      28 |       0 |   0.0
            +---------+---------+-------+---------+---------+-------
